 Dungeon Crawl Stone Soup version 0.31.0-9-g3a7656b989 (webtiles) character file.

Game seed: 13923177839797579644

440566 Xavori the Tortoise (level 25, -6/187 HPs)
             Began as a Djinni Chaos Knight on Jan 24, 2024.
             Was a Favourite Plaything of Xom.
             Hit by a large rock thrown by a stone giant (23 damage)
             ... on level 5 of the Vaults.
             The game lasted 01:41:12 (44529 turns).

Xavori the Tortoise (Djinni Chaos Knight)          Turns: 44529, Time: 01:41:12

Health: -6/187     AC: 23    Str: 14    XL:     25   Next: 28%
Gold:   3897       EV: 25    Int: 18    God:    Xom [.....*] SH: 24 Dex: 29

rFire   + + +        Y - +9 double sword (spect)
rCold   . . .        U - +2 kite shield {reflect}
rNeg    + + .        u - +0 pearl dragon scales of the Mangosteen {Rampage rC+ rN+ SInv}
rPois   ∞            (helmet unavailable)
rElec   +            z - +0 cloak
rCorr   .            J - +1 pair of gloves of the Cooper {^Drain rElec rF+ Dex+3}
SInv    +            (boots unavailable)
Will    ++++.        K - amulet of the Changing Queen {Reflect Will+ Regen+ SH+5 SInv}
Stlth   +            I - ring "Giphaguc" {*Corrode EV+5 Int-4 Dex+6 SInv}
HPRegen 1.31/turn    p - ring of Ysuh {rC+ rN+ MP+9 Str+3 Int+3}
MPRegen 0.00/turn

%: corrode self (3%), reflection, rampage, infuse magic (-7 HP)
@: on berserk cooldown, flying, slowed, studying Throwing, very slow
A: sickness immunity, fire resistance 2, cold vulnerability 2, float, innate
caster, HP casting, extra vitality 1, claws 1, horns 3, deterioration 1,
strong-willed 1, no potion heal 1, inability to drink after injury 1, inability
to read after injury 1
}: 2/15 runes: barnacled, gossamer
a: Renounce Religion


You were on level 5 of the Vaults.
You worshipped Xom.
You were Xom's teddy bear.
You visited 8 branches of the dungeon, and saw 41 of its levels.
You visited 2 bazaars.
You also visited: Ossuary and Ice Cave.

You collected 8761 gold pieces.
You spent 4864 gold pieces at shops.

Inventory:

Hand Weapons
 Y - a +9 spectral double sword (weapon)
Armour
 u - the +0 pearl dragon scales of the Mangosteen (worn) {Rampage rC+ rN+ SInv}
   (You bought it in a shop on level 2 of the Orcish Mines)

   rC+:       It protects you from cold.
   rN+:       It protects you from negative energy.
   SInv:      It lets you see invisible.
   Rampage:   It bestows one free step when moving towards enemies.
 z - a +0 cloak (worn)
 J - the +1 pair of gloves of the Cooper (worn) {^Drain rElec rF+ Dex+3}
   (You acquired it on level 15 of the Dungeon)

   Dex+3:     It affects your dexterity (+3).
   rF+:       It protects you from fire.
   rElec:     It insulates you from electricity.
   ^Drain:    It drains your maximum health when unequipped.
 P - the +7 chain mail of Tyroufuf {Rampage rElec MP+9 Int-4}
   (You bought it in a shop on level 2 of the Orcish Mines)

   Int-4:     It affects your intelligence (-4).
   rElec:     It insulates you from electricity.
   MP+9:      It affects your magic capacity (+9).
   Rampage:   It bestows one free step when moving towards enemies.
 T - the +2 helmet of the Bells {+Inv rC++}
   (You found it on level 5 of the Vaults)

   rC++:      It greatly protects you from cold.
   +Inv:      It lets you turn invisible.
 U - a +2 kite shield of reflection (worn)
Jewellery
 a - the ring "Keshry" {rC+ rN+}
   (You found it in an ice cave)

   [ring of protection from cold]

   rC+:       It protects you from cold.
   rN+:       It protects you from negative energy.
 p - the ring of Ysuh (right hand) {rC+ rN+ MP+9 Str+3 Int+3}
   (You found it on level 4 of the Shoals)

   [ring of magical power]

   Str+3:     It affects your strength (+3).
   Int+3:     It affects your intelligence (+3).
   rC+:       It protects you from cold.
   rN+:       It protects you from negative energy.
   MP+9:      It affects your magic capacity (+9).
 F - the ring "Ledghinall" {rC+ Will++ AC+4 Dex-2}
   (You acquired it on level 9 of the Dungeon)

   [ring of protection]

   AC+4:      It affects your AC (+4).
   Dex-2:     It affects your dexterity (-2).
   rC+:       It protects you from cold.
   Will++:    It greatly increases your willpower.
 I - the ring "Giphaguc" (left hand) {*Corrode EV+5 Int-4 Dex+6 SInv}
   (You found it on level 13 of the Dungeon)

   [ring of evasion]

   EV+5:      It affects your evasion (+5).
   Int-4:     It affects your intelligence (-4).
   Dex+6:     It affects your dexterity (+6).
   SInv:      It lets you see invisible.
   *Corrode:  It may corrode you when you take damage.
 K - the amulet of the Changing Queen (around neck) {Reflect Will+ Regen+ SH+5 SInv}
   (You bought it in a shop on level 1 of the Dungeon)

   [amulet of reflection]

   Reflect:   It reflects blocked missile attacks.
   Will+:     It increases your willpower.
   SInv:      It lets you see invisible.
   Regen+:    It increases your rate of health regeneration.
   SH+5:      It affects your SH (+5).
 L - the ring "Zeavy" {rElec rC+ Str+2 Dex-3}
   (You found it on level 15 of the Dungeon)

   [ring of protection from cold]

   Str+2:     It affects your strength (+2).
   Dex-3:     It affects your dexterity (-3).
   rC+:       It protects you from cold.
   rElec:     It insulates you from electricity.
Wands
 b - a wand of digging (17)
 q - a wand of mindburst (15)
 G - a wand of acid (15)
 Q - a wand of roots (57)
 V - a wand of paralysis (22)
 W - a wand of flame (39)
Scrolls
 c - 8 scrolls of butterflies
 d - 2 scrolls of torment
 g - 4 scrolls of enchant armour
 n - 7 scrolls of revelation
 o - 11 scrolls of fear
 r - 8 scrolls of teleportation
 s - 2 scrolls of vulnerability
 t - 4 scrolls of silence
 v - 3 scrolls of brand weapon
 x - 7 scrolls of immolation
 y - 8 scrolls of blinking
 E - 3 scrolls of enchant weapon
 O - 2 scrolls of noise
 S - 9 scrolls of poison
 Z - 5 scrolls of fog
Potions
 e - 9 potions of resistance
 f - 4 potions of haste
 h - 7 potions of enlightenment
 i - 18 potions of heal wounds
 j - 12 potions of ambrosia
 m - 2 potions of invisibility
 A - 4 potions of berserk rage
 B - 2 potions of might
 C - 10 potions of lignification
 D - 14 potions of curing
 H - 5 potions of cancellation
 M - 3 potions of brilliance
 R - 11 potions of mutation
Miscellaneous
 k - a phial of floods
 l - a box of beasts
 w - a condenser vane
 N - a lightning rod (4/4)


   Skills:
 + Level 18.0 Fighting
 + Level 18.0 Long Blades
 * Level 18.9 Armour
 + Level 14.6 Dodging
 + Level 17.6 Shields
 * Level 14.0 Spellcasting
 * Level 14.0 Conjurations
 * Level 14.0 Hexes
 * Level 14.0 Summonings
 * Level 14.0 Necromancy
 * Level 14.0 Translocations
 * Level 14.0 Fire Magic
 * Level 14.0 Ice Magic
 * Level 14.0 Air Magic
 * Level 14.0 Earth Magic
 * Level 14.0 Alchemy
 - Level 7.1 Evocations
 - Level 3.9 Shapeshifting


You knew the following spells:

 Your Spells              Type           Power      Damage    Failure   Level
a - Magic Dart            Conj           100%       1d8       1%          1
b - Blink                 Tloc           100%       N/A       1%          2
c - Tukima's Dance        Hex            59%        N/A       1%          3
d - Flame Wave            Conj/Fire      59%        2d14      1%          4
e - Lee's Rapid Deconstr  Erth           29%        3d15*     1%          5
f - Fireball              Conj/Fire      29%        3d13      1%          5
g - Eringya's Noxious Bo  Alch           29%        4d6       12%         6
h - Summon Hydra          Summ           29%        N/A       54%         7
i - Death Channel         Necr           29%        N/A       12%         6
j - Disjunction           Tloc           29%        N/A       99%         8
k - Haunt                 Necr/Summ      29%        N/A       54%         7
l - Dragon's Call         Summ           29%        N/A       100%        9
Your spell library was empty.


Dungeon Overview and Level Annotations

Branches:
Dungeon (15/15)            Temple (0/1) D:6            Lair (5/5) D:9
 Shoals (4/4) Lair:2       Spider (4/4) Lair:2        Slime (0/5) Lair:4
    Orc (2/2) D:11            Elf (3/3) Orc:2        Vaults (5/5) D:14
  Crypt (3/3) Vaults:2       Tomb (0/3) Crypt:3      Depths (0/4) D:15
Ossuary (visited)           IceCv (visited)

Altars:
Cheibriados
Elyvilon
Gozag
Makhleb
Nemelex Xobeh
Okawaru
Ru
Trog
Uskayaw
Wu Jian
Xom
Yredelemnul
Zin
The Shining One
Jiyva

Shops:
D:1 =   D:12 *   D:14 !   Orc:2 [![([!:[   Elf:1 [:   Shoals:1 *   Vaults:1 [
Vaults:4 [

Annotations:
D:9 exclusion: orange crystal statue
D:14 exclusions: ice statue and orange crystal statue
Lair:3 exclusion: oklob plant
Lair:5 1 runed translucent door, osinmv's ghost, journeyman TrMo
Shoals:3 Kehicw's ghost, adept HOBr


Innate Abilities, Weirdness & Mutations

You are immune to sickness and miasma.
You are immune to poison.
Your flesh is very heat resistant. (rF++)
You are very vulnerable to cold. (rC--)
You float through the air rather than walking.
You learn spells naturally, not from books.
Your magical power is your life essence.
You have superior vitality. (+4 MHP)
You have sharp fingernails.
You have a pair of large horns on your head.
Your body sometimes deteriorates upon taking damage.
You are strong-willed. (Will+)
Potions are less effective at restoring your health.
You occasionally lose the ability to drink potions when taking damage.
You occasionally lose the ability to read scrolls when taking damage.


Message History

The frost giant points at you and mumbles some strange words.
The bolt of cold misses you.
The titan waves its arms in wide circles.
The air twists around and strikes you!
* * * LOW HITPOINT WARNING * * *
You slice the titan!! You headbutt the titan!
The titan is almost dead.
Your +9 spectral double sword hits the titan.
You kill the titan!
You slice the two-headed ogre!! You headbutt the two-headed ogre!
The two-headed ogre is severely wounded.
Your +9 spectral double sword hits the two-headed ogre!!
You kill the two-headed ogre!
The vault warden completely misses you.
You closely miss the vault warden.
Your +9 spectral double sword hits the vault warden!!
You slash the vault warden!
The vault warden is heavily wounded.
Your +9 spectral double sword hits the vault warden!!
A titan comes into view.
You slash the vault warden!
The vault warden is almost dead.
Your +9 spectral double sword hits the vault warden!!
You kill the vault warden!
Xom's power brushes against you for a moment.
Your body is suffused with distortional energy.
You feel yourself wasting away.
You are now Xom's teddy bear.
Found a scroll of amnesia.
Your +9 spectral double sword disappears.
Items here: )) [[ ††.
A lich comes into view.
You feel a strong urge to attack something.
You are no longer berserk.
You are exhausted.
You feel yourself slow down.
The lich shouts!
You hear a shout!
The stone giant throws a large rock.
The large rock hits you!!
You die...
Xom roars with laughter!

..L.. #.....
..#..###...[
.....C....#
..#.C#....#
.....p..C.#
..#..#....#
......†.).#####.
..#..###...?.?..
..... #@.......
.... #.#.#.#.#
..# ......... ..
.......... #
..#.#.#.#.# #.
.......... . ...
............ ...
#### ### ###
###. ...


You could see a titan, a frost giant, a stone giant and a vault warden.

Vanquished Creatures
  An ancient lich (Crypt:3)
  Mara (Vaults:2)
  Sojobo (Crypt:3)
  The ghost of Hynnuzim the Warrior, a veteran CeHu of the Shining One (Crypt:2)
  Saint Roka (Vaults:2)
  A caustic shrike (Vaults:5)
  A golden dragon (Vaults:5)
  Norris (Elf:2)
  A profane servitor (Crypt:3)
  A bone dragon (Crypt:3)
  4 liches
  A tentacled monstrosity (Vaults:5)
  Zenata (Crypt:2)
  Mlioglotl (Shoals:4)
  Asterion (Elf:1)
  A deep elf blademaster (Elf:3)
  A deep elf master archer (Elf:3)
  A kraken (Shoals:1)
  Frances (Spider:2)
  9 sphinxes
  2 quicksilver dragons (Vaults:5)
  A titan (Vaults:5)
  Polyphemus (Shoals:3)
  Roxanne (Elf:2)
  4 shadow dragons
  Donald (Orc:2)
  3 tengu reavers
  A revenant (Crypt:3)
  4 ancient champions
  An azure jelly (IceCv)
  3 fire giants
  7 deep elf sorcerers
  4 deep elf elementalists (Elf:3)
  2 ghost moths (Spider:3)
  18 vault wardens
  A reaper (Crypt:2)
  17 ironbound preservers
  8 ghouls
  6 emperor scorpions
  2 curse skulls
  An orc warlord (Vaults:3)
  4 broodmothers
  5 formless jellyfish
  A quicksilver ooze (IceCv)
  2 stone giants
  6 ironbound thunderhulks
  A vampire knight (Vaults:2)
  2 deep elf demonologists (Elf:3)
  9 deep elf annihilators
  14 dire elephants
  2 spark wasps (Spider:2)
  2 minotaurs (Shoals:4)
  6 deep elf death magi
  A war gargoyle (Vaults:5)
  2 ettins
  2 merfolk javelineers
  18 jiangshi
  6 entropy weavers
  4 fire dragons
  A spectral quicksilver dragon (Crypt:3)
  7 deep elf high priests
  5 great orbs of eyes
  An ice dragon (Elf:1)
  6 merfolk impalers
  17 yaktaur captains
  6 hydras
  2 ogre magi
  19 vault guards
  An alligator snapping turtle (Shoals:3)
  2 merfolk aquamancers (Shoals:3)
  A sphinx zombie (Crypt:1)
  12 ironbound frosthearts
  2 jorogumos (Spider:4)
  5 merfolk avatars
  2 death knights (Crypt:3)
  A two-headed ogre (shapeshifter) (Vaults:5)
  10 two-headed ogres
  11 death yaks
  4 catoblepae
  8 centaur warriors
  A vampire mage (Crypt:1)
  10 boulder beetles
  11 satyrs
  A sphinx skeleton (Vaults:2)
  A shock serpent (shapeshifter) (Vaults:3)
  11 demonic crawlers
  4 orc high priests
  A soul eater (Crypt:1)
  Nergalle (D:11)
  Lodul (D:11)
  A golden dragon zombie (Crypt:2)
  14 deep elf knights
  3 shadow wraiths (Crypt:3)
  25 skeletal warriors
  2 pharaoh ants
  2 death drakes (shapeshifter) (D:15)
  9 skysharks
  10 sea snakes
  A glowing orange brain (Vaults:1)
  A mana viper (Vaults:1)
  39 deep trolls
  6 orb spiders
  An obsidian statue (D:15)
  An orb spider (shapeshifter) (D:15)
  11 arcanists
  A bog body (Crypt:1)
  2 spriggan simulacra
  14 ironbound convokers
  11 lindwurms
  4 sun moths
  10 deep elf archers
  9 steelbarb worms
  12 phantasmal warriors
  A harpy (shapeshifter) (Lair:4)
  8 necromancers
  8 flayed ghosts
  20 wolf spiders
  15 harpies
  5 orc knights
  26 deep elf zephyrmancers
  A tengu skeleton (Vaults:3)
  An anaconda skeleton (Crypt:2)
  29 ugly things
  25 deep elf pyromancers
  21 fauns
  5 orc sorcerers
  4 cyclopes
  15 manticores
  A moth of wrath (Spider:4)
  An eleionoma skeleton (Crypt:2)
  9 large abominations
  25 elephants
  6 meliai
  14 merfolk sirens
  2 dire elephant zombies
  49 slime creatures
  3 black mambas
  A centaur zombie (Crypt:3)
  13 vault sentinels
  A frost giant skeleton (Vaults:2)
  4 water nymphs
  A torpor snail (shapeshifter) (Vaults:5)
  2 ice statues (IceCv)
  7 cane toads
  11 torpor snails
  2 rime drakes
  A centaur skeleton (Crypt:2)
  A gargoyle (D:12)
  A titan simulacrum (Crypt:2)
  2 kobold demonologists (D:11)
  An unseen horror (D:13)
  Maggie (Lair:2)
  2 efreet
  An anaconda simulacrum (Crypt:1)
  7 komodo dragons
  A sea snake zombie (Crypt:1)
  An orb spider zombie (Crypt:2)
  2 tengu conjurers (D:15)
  2 freezing wraiths
  39 yaktaurs
  A queen bee (D:14)
  A tengu simulacrum (Vaults:2)
  5 wind drakes
  2 guardian mummies (Crypt:1)
  A polar bear (shapeshifter) (D:15)
  A hornet (D:10)
  21 merfolk
  2 polar bears
  A tyrant leech (Shoals:4)
  A queen bee (shapeshifter) (D:15)
  2 trolls (shapeshifter) (D:15)
  17 tarantellas
  4 trolls
  6 blink frogs
  2 tarantellas (shapeshifter)
  An ettin zombie (Crypt:3)
  12 dream sheep
  8 snapping turtles
  2 dream sheep (shapeshifter)
  20 jumping spiders
  17 culicivoras
  9 wraiths
  2 air elementals (Elf:3)
  4 wyverns
  5 water elementals
  6 shadows
  2 vampires
  7 basilisks
  2 fire elementals
  52 yaks
  3 wargs
  A steam dragon (D:9)
  49 redbacks
  6 vampire mosquitoes
  An elf skeleton (Vaults:3)
  Menkaure (D:5)
  A demonspawn zombie (Crypt:2)
  A deep troll zombie (Crypt:1)
  A glowing shapeshifter zombie (Vaults:2)
  27 dancing weapons
  An acid dragon (D:11)
  A two-headed ogre skeleton (Crypt:2)
  12 water moccasins
  3 great orb of eyes simulacra (IceCv)
  An ice beast (D:6)
  15 orc warriors
  2 sky beasts
  A small abomination (Crypt:3)
  An ettin simulacrum (Crypt:3)
  30 laughing skulls
  14 centaurs
  12 ogres
  17 wolves
  8 boggarts (D:15)
  A hog zombie (Crypt:1)
  A tengu (Vaults:3)
  2 weeping skulls
  4 slime creature simulacra (IceCv)
  3 kobold brigands (D:11)
  Blork the orc (D:5)
  2 elf zombies
  2 scorpions
  13 bullfrogs
  6 necrophages
  A bullfrog (shapeshifter) (D:15)
  3 glowing shapeshifter simulacra (IceCv)
  An earth elemental (Elf:1)
  4 burial acolytes (Crypt:3)
  12 wights (D:9)
  21 killer bees (D:14)
  A troll skeleton (Crypt:1)
  2 howler monkeys
  A quasit (D:5)
  7 human zombies
  A human simulacrum (Vaults:3)
  9 jellies
  20 orc priests
  2 hounds (D:5)
  2 human skeletons (Crypt:1)
  2 sleepcaps
  2 iguanas
  32 orc wizards
  3 shapeshifter simulacra (IceCv)
  A sky beast zombie (Crypt:2)
  A crocodile skeleton (Crypt:1)
  9 mummies
  Robin (D:2)
  A gnoll (D:1)
  8 adders
  A steam dragon skeleton (Crypt:2)
  6 ufetubi
  A dart slug (D:2)
  2 ribbon worms
  70 orcs
  7 endoplasms
  5 giant cockroaches
  15 goblins
  10 hobgoblins
  9 kobolds
  4 quokkas
  10 ball pythons
  5 bats
  A frilled lizard (D:1)
  A goblin zombie (Ossuary)
  4 hobgoblin zombies
  A jackal zombie (Ossuary)
  2 kobold zombies (Ossuary)
  2 orc zombies
  A quokka skeleton (Crypt:2)
  5 rats
  2 rat zombies (Ossuary)
  A river rat skeleton (Crypt:1)
  A spectral orc (D:6)
  5 tentacles (Shoals:1)
1736 creatures vanquished.

Vanquished Creatures (collateral kills)
  A revenant (Crypt:2)
  Amaemon (Lair:1)
  A skeletal warrior (Crypt:2)
  An ugly thing (D:15)
  A cyclops (D:12)
  An orange demon (Lair:1)
  A rime drake (Lair:2)
  A komodo dragon (Lair:1)
  A merfolk (Shoals:3)
  A hornet (D:15)
  A snapping turtle (Shoals:3)
  A raiju (shapeshifter) (D:15)
  7 yaks
  3 wolves (Lair:2)
  An orc priest (D:3)
  2 orcs
  A bat (D:3)
26 creatures vanquished.

Vanquished Creatures (others)
  An eldritch tentacle (Lair:1)
  A green death (Spider:1)
  A rakshasa (D:14)
  A dancing weapon (Lair:1)
  A deep elf knight (Elf:2)
  2 sun moths
  2 harpies
  A necromancer (Crypt:3)
  2 manticores
  An orc sorcerer (Orc:2)
  A meliai (Spider:4)
  A merfolk siren (Shoals:4)
  A polar bear (Lair:1)
  A wind drake (Shoals:3)
  An orc priest (Orc:2)
  2 orc wizards (Orc:2)
  2 orcs (Orc:2)
  An orc zombie (D:3)
  33 spectral weapons
  33 tentacles
89 creatures vanquished.

Grand Total: 1851 creatures vanquished

Notes
Turn   | Place    | Note
-------+----------+-------------------------------------------
     0 | D:1      | Xavori the Djinni Chaos Knight began the quest for the Orb.
     0 | D:1      | Reached XP level 1. HP: 20/20 MP: 0/0
    31 | D:1      | Found Hyarch's Jewellery Shoppe.
   123 | D:1      | Reached XP level 2. HP: 25/25 MP: 0/0
   355 | D:1      | XOM: cleaving
   357 | D:1      | Reached XP level 3. HP: 22/30 MP: 0/0
   357 | D:1      | Learned a level 1 spell: Magic Dart
   401 | D:1      | XOM: give mutation
   401 | D:1      | Gained mutation: You have supernaturally acute eyesight.
                  | (SInv) [Xom's grace]
   949 | D:1      | XOM: give mutations
   949 | D:1      | Gained mutation: You are partially covered in iridescent
                  | scales. (AC +2) [Xom's grace]
   949 | D:1      | Gained mutation: Your flesh is almost immune to the effects
                  | of heat. (rF+++) [Xom's grace]
   998 | D:1      | XOM: scenery: create altars
  1105 | D:2      | Found a sparkling altar of Nemelex Xobeh.
  1172 | D:2      | XOM: 1-stop teleportation journey
  1179 | D:2      | Reached XP level 4. HP: 35/35 MP: 0/0
  1250 | D:2      | Found a faded altar of an unknown god.
  1308 | D:2      | XOM: scenery: create altars
  1387 | D:2      | Noticed Robin
  1431 | D:2      | Killed Robin
  1439 | D:2      | Reached XP level 5. HP: 23/40 MP: 0/0
  1439 | D:2      | Learned a level 2 spell: Blink
  1992 | D:3      | XOM: summons 5 friendly demons
  1995 | D:3      | Reached skill level 1 in Spellcasting
  1995 | D:3      | Reached skill level 1 in Conjurations
  1995 | D:3      | Reached skill level 1 in Hexes
  1995 | D:3      | Reached skill level 1 in Summonings
  1995 | D:3      | Reached skill level 1 in Necromancy
  1995 | D:3      | Reached skill level 1 in Translocations
  1995 | D:3      | Reached skill level 1 in Fire Magic
  1995 | D:3      | Reached skill level 1 in Ice Magic
  1995 | D:3      | Reached skill level 1 in Air Magic
  1995 | D:3      | Reached skill level 1 in Earth Magic
  1995 | D:3      | Reached skill level 1 in Alchemy
  2025 | D:3      | XOM: fog
  2040 | D:3      | Reached XP level 6. HP: 24/47 MP: 0/0
  2202 | D:3      | XOM: enchant monster (good)
  2438 | D:3      | XOM: confuse monster(s)
  2442 | D:3      | XOM: give mutations
  2442 | D:3      | Gained mutation: Your movements are slightly less
                  | encumbered by armour. (ER -2) [Xom's grace]
  2442 | D:3      | Gained mutation: You are agile. (Dex +4, Str/Int -1) [Xom's
                  | grace]
  2442 | D:3      | Gained mutation: You are mostly covered in iridescent
                  | scales. (AC +4) [Xom's grace]
  2612 | D:3      | XOM: give mutations
  2612 | D:3      | Gained mutation: You are completely covered in iridescent
                  | scales. (AC +6) [Xom's grace]
  2612 | D:3      | Gained mutation: Your natural rate of healing is unusually
                  | fast. [Xom's grace]
  2612 | D:3      | Gained mutation: You are strong-willed. (Will+) [Xom's
                  | grace]
  2851 | D:4      | Noticed an ogre
  2859 | D:4      | Killed an ogre
  2860 | D:4      | Reached skill level 1 in Shields
  2860 | D:4      | Reached XP level 7. HP: 52/52 MP: 0/0
  2860 | D:4      | Learned a level 3 spell: Tukima's Dance
  2917 | D:4      | XOM: enchant monster (bad)
  3104 | D:4      | Found an opulent altar of Gozag.
  3106 | D:4      | Found a burning altar of Makhleb.
  3109 | D:4      | Found a glowing golden altar of the Shining One.
  3137 | D:4      | XOM: summons 3 hostile shadow creatures
  3733 | D:5      | Entered Level 5 of the Dungeon
  3771 | D:5      | Reached skill level 5 in Long Blades
  3780 | D:5      | XOM: blink monster(s)
  3875 | D:5      | XOM: blink monster(s)
  3879 | D:5      | XOM: swap monsters
  3943 | D:5      | Found an iron altar of Okawaru.
  3964 | D:5      | Noticed Menkaure
  3964 | D:5      | XOM: 1-stop teleportation journey
  3966 | D:5      | XOM: butterfly on damage
  3967 | D:5      | XOM: chaos cloud
  3969 | D:5      | Killed Menkaure
  3970 | D:5      | Reached XP level 8. HP: 14/58 MP: 0/0
  4021 | D:5      | XOM: summons 2 hostile shadow creatures
  4109 | D:5      | XOM: stat loss: -1 Int (12/13)
  4219 | D:5      | Found a hide-covered altar of Uskayaw.
  4237 | D:5      | Noticed Blork the orc
  4238 | D:5      | Noticed Grinder
  4240 | D:5      | XOM: 5-stop teleportation journey
  4332 | D:5      | Killed Blork the orc
  4381 | D:5      | Paralysed by Grinder for 4 turns
  4383 | D:5      | Grinder changed into Grinder the quasit
  4383 | D:5      | Noticed Grinder
  4383 | D:5      | XOM: polymorph Grinder -> Grinder the quasit
  4387 | D:5      | Killed Grinder the quasit
  4418 | D:5      | XOM: potion effect (might)
  4668 | D:6      | Found a sacrificial altar of Ru.
  4686 | D:6      | Found a white marble altar of Elyvilon.
  4686 | D:6      | Found a snail-covered altar of Cheibriados.
  4713 | D:6      | XOM: summons 5 friendly demons
  4718 | D:6      | Reached skill level 5 in Dodging
  4728 | D:6      | Found a staircase to the Ecumenical Temple.
  4733 | D:6      | Noticed a shadow
  4749 | D:6      | Killed a shadow
  4750 | D:6      | Reached skill level 5 in Fighting
  4785 | D:6      | Found a glowing silver altar of Zin.
  4786 | D:6      | XOM: silly message
  4813 | D:6      | XOM: 1-stop teleportation journey
  4823 | D:6      | XOM: polymorph scorpion -> giant cockroach
  4964 | D:6      | XOM: cloud trail
  5021 | D:6      | Reached XP level 9. HP: 56/65 MP: 0/0
  5021 | D:6      | Learned a level 4 spell: Flame Wave
  5045 | D:6      | XOM: cast spell 'Death Channel'
  5048 | D:6      | XOM: cast spell 'Alistair's Intoxication'
  5050 | D:6      | a yak changed into a guardian serpent
  5050 | D:6      | Noticed a guardian serpent
  5052 | D:6      | XOM: potion effect (heal wounds)
  5220 | D:6      | Found a basalt altar of Yredelemnul.
  5470 | D:7      | Found a sand-covered staircase.
  5475 | Ossuary  | Entered an ossuary
  5500 | Ossuary  | XOM: noise
  5736 | D:7      | XOM: scenery: create altars
  5766 | D:7      | XOM: confuse monster(s)
  6077 | D:7      | XOM: god gift: 32 gold pieces
  6339 | D:1      | Bought the amulet of the Changing Queen {Reflect Will+
                  | Regen+ SH+5 SInv} for 468 gold pieces
  6541 | D:8      | XOM: confuse monster(s)
  6542 | D:8      | Noticed a two-headed ogre
  6556 | D:8      | XOM: noise
  6579 | D:8      | XOM: enchant monster (bad)
  6585 | D:8      | XOM: summons friendly shadow imp
  6592 | D:8      | XOM: cast spell 'Alistair's Intoxication'
  6594 | D:8      | XOM: confuse monster(s)
  6596 | D:8      | Killed a two-headed ogre
  6790 | D:8      | Reached XP level 10. HP: 72/72 MP: 0/0
  6798 | D:8      | XOM: 2-stop teleportation journey
  7026 | D:8      | Reached skill level 1 in Evocations
  7130 | D:9      | XOM: god gift: 43 gold pieces
  7137 | D:9      | XOM: summons friendly ynoxinul
  7147 | D:9      | XOM: 8-stop teleportation journey
  7197 | D:9      | XOM: enchant monster (good)
  7339 | D:9      | Found a staircase to the Lair.
  7402 | D:9      | Noticed a two-headed ogre
  7402 | D:9      | a two-headed ogre changed into an adder
  7402 | D:9      | XOM: polymorph two-headed ogre -> adder
  7404 | D:9      | XOM: scenery: summon butterflies
  7441 | D:9      | Noticed an orange crystal statue
  7442 | D:9      | XOM: 6-stop teleportation journey
  7473 | D:9      | XOM: cloud trail
  7666 | D:9      | XOM: confuse monster(s)
  7751 | D:9      | XOM: god gift: 755 gold pieces
  7755 | D:9      | Identified 2 scrolls of acquirement
  7756 | D:9      | Acquired the ring "Ledghinall" {rC+ Will++ AC+4 Dex-2}
  7758 | D:9      | Acquired the +0 kite shield of Resourcefulness {rElec}
  7850 | D:9      | Reached skill level 5 in Armour
  7890 | D:9      | XOM: cleaving
  7969 | D:9      | XOM: give mutation
  7969 | D:9      | Gained mutation: You are very agile. (Dex +8, Str/Int -2)
                  | [Xom's grace]
  8202 | D:9      | XOM: divination: detect creatures
  8207 | D:9      | XOM: summons 10 friendly demons
  8246 | D:10     | Entered Level 10 of the Dungeon
  8266 | D:10     | XOM: give mutation
  8266 | D:10     | Gained mutation: You have a pair of small horns on your
                  | head. [Xom's grace]
  8274 | D:10     | XOM: scenery: create altars
  8281 | D:10     | XOM: summons 3 friendly demons
  8394 | D:10     | Found a bloodstained altar of Trog.
  8403 | D:10     | XOM: god gift: white potion {god gift}
  8417 | D:10     | XOM: swap monsters
  8427 | D:10     | Reached XP level 11. HP: 78/78 MP: 0/0
  8427 | D:10     | Learned a level 5 spell: Lee's Rapid Deconstruction
  8701 | D:10     | Noticed a two-headed ogre
  8701 | D:10     | XOM: 7-stop teleportation journey
  8711 | D:10     | Killed a two-headed ogre
  8817 | D:10     | XOM: cloud trail
  8845 | D:10     | XOM: god gift: 27 gold pieces
  8888 | D:10     | XOM: noise
  8987 | D:11     | Noticed a white ugly thing
  8995 | D:11     | XOM: potion effect (might)
  9004 | D:11     | Killed a white ugly thing
  9022 | D:11     | Noticed Nergalle
  9037 | D:11     | Killed Nergalle
  9040 | D:11     | Noticed a boulder beetle
  9041 | D:11     | XOM: silly message
  9045 | D:11     | Noticed an orc knight
  9060 | D:11     | XOM: potion effect (haste)
  9068 | D:11     | XOM: silly message
  9131 | D:11     | XOM: potion effect (invisibility)
  9145 | D:11     | XOM: cast spell 'Summon Small Mammal'
  9149 | D:11     | Killed a boulder beetle
  9191 | D:11     | Noticed a centaur warrior
  9191 | D:11     | XOM: potion effect (attraction)
  9198 | D:11     | Killed a centaur warrior
  9236 | D:11     | XOM: potion effect (haste)
  9239 | D:11     | XOM: divination: magic mapping
  9253 | D:11     | XOM: potion effect (might)
  9334 | D:11     | Noticed Lodul
  9348 | D:11     | Killed Lodul
  9349 | D:11     | Reached skill level 5 in Evocations
  9389 | D:11     | Found a staircase to the Orcish Mines.
  9402 | D:11     | Reached skill level 5 in Spellcasting
  9402 | D:11     | Reached skill level 5 in Conjurations
  9402 | D:11     | Reached skill level 5 in Hexes
  9402 | D:11     | Reached skill level 5 in Summonings
  9402 | D:11     | Reached skill level 5 in Necromancy
  9402 | D:11     | Reached skill level 5 in Translocations
  9402 | D:11     | Reached skill level 5 in Fire Magic
  9402 | D:11     | Reached skill level 5 in Ice Magic
  9402 | D:11     | Reached skill level 5 in Air Magic
  9402 | D:11     | Reached skill level 5 in Earth Magic
  9402 | D:11     | Reached skill level 5 in Alchemy
  9438 | D:11     | Noticed a two-headed ogre
  9447 | D:11     | Killed a two-headed ogre
  9448 | D:11     | Reached XP level 12. HP: 85/85 MP: 0/0
  9536 | D:11     | XOM: silly message
  9544 | D:11     | XOM: cast spell 'Olgreb's Toxic Radiance'
  9576 | D:11     | Reached skill level 5 in Shields
  9722 | D:11     | Noticed a boulder beetle
  9751 | D:11     | Killed a boulder beetle
  9866 | Lair:1   | Entered Level 1 of the Lair of Beasts
  9885 | D:9      | XOM: divination: magic mapping
  9912 | D:9      | XOM: potion effect (curing)
  9918 | Lair:1   | XOM: cleaving
  9934 | Lair:1   | XOM: divination: detect creatures
  9939 | Lair:1   | XOM: enchant monster (good)
  9986 | Lair:1   | XOM: scenery: summon butterflies
 10001 | Lair:1   | XOM: divination: detect creatures
 10042 | Lair:1   | XOM: summons friendly quasit
 10046 | Lair:1   | XOM: cast spell 'Malign Gateway'
 10318 | Lair:1   | Noticed Amaemon
 10353 | Lair:1   | Killed Amaemon
 10363 | Lair:1   | XOM: polymorph yak -> wolf
 10365 | Lair:1   | Reached XP level 13. HP: 88/92 MP: 0/0
 10365 | Lair:1   | Learned a level 5 spell: Fireball
 10514 | Lair:1   | Identified the +0 helmet of Ymiacript {Slay+3}
 10547 | Lair:1   | Found the +6 shillelagh "Devastator" {shatter}
 10597 | Lair:1   | XOM: god gift: scroll of teleportation
 10747 | Lair:2   | XOM: god gift: 420 gold pieces
 10757 | Lair:2   | XOM: scenery: create altars
 10774 | Lair:2   | XOM: summons 13 friendly demons
 10931 | Lair:2   | Noticed a seven-headed hydra
 10956 | Lair:2   | XOM: cast spell 'Summon Ice Beast'
 10963 | Lair:2   | Killed a seven-headed hydra
 10964 | Lair:2   | Reached skill level 10 in Long Blades
 10982 | Lair:2   | Noticed Maggie
 10992 | Lair:2   | Reached skill level 10 in Dodging
 11004 | Lair:2   | Killed Maggie
 11103 | Lair:2   | Found a hole to the Spider Nest.
 11295 | Lair:2   | Found a staircase to the Shoals.
 11655 | Lair:3   | Found an ornate altar of the Wu Jian Council.
 11666 | Lair:3   | XOM: summons friendly ufetubus
 11673 | Lair:3   | XOM: summons friendly white imp
 11696 | Lair:3   | XOM: cleaving
 12273 | Lair:4   | Noticed a six-headed hydra
 12282 | Lair:4   | Killed a ten-headed hydra
 12285 | Lair:4   | XOM: fog
 12287 | Lair:4   | XOM: 2-stop teleportation journey
 12289 | Lair:4   | XOM: polymorph cane toad -> shapeshifter
 12331 | Lair:4   | Found a viscous altar of Jiyva.
 12332 | Lair:4   | Found a staircase to the Slime Pits.
 12340 | Lair:4   | XOM: give mutation
 12340 | Lair:4   | Lost mutation: You are very agile. (Dex +8, Str/Int -2)
                  | [Xom's mischief]
 12342 | Lair:4   | Noticed a four-headed hydra
 12370 | Lair:4   | Killed a nine-headed hydra
 12409 | Lair:4   | XOM: destruction
 12437 | Lair:4   | XOM: cleaving
 12484 | Lair:4   | XOM: cleaving
 12491 | Lair:4   | Reached XP level 14. HP: 89/99 MP: 0/0
 12496 | Lair:4   | XOM: confuse monster(s)
 12555 | Lair:4   | XOM: polymorph elephant -> blink frog
 12579 | Lair:4   | XOM: silly message
 12916 | Lair:4   | XOM: summons 1 hostile demon
 13039 | Lair:4   | Identified the +6 dagger of Premature Burial {heavy, rElec}
 13138 | Lair:5   | Entered Level 5 of the Lair of Beasts
 13140 | Lair:5   | XOM: enchant monster (bad)
 13171 | Lair:5   | XOM: enchant monster (good)
 13270 | Lair:5   | XOM: silly message
 13315 | Lair:5   | XOM: scenery: summon butterflies
 13322 | Lair:5   | XOM: scenery: summon butterflies
 13334 | Lair:5   | XOM: summons 8 hostile demons
 13351 | Lair:4   | XOM: swap monsters
 13398 | Lair:5   | XOM: scenery: summon butterflies
 13438 | Lair:5   | Found a runed translucent door.
 13514 | Lair:5   | XOM: enchant monster (bad)
 13547 | Lair:5   | XOM: confusion (+ monsters)
 13561 | Lair:5   | XOM: scenery: create altars
 13582 | Lair:5   | XOM: confuse monster(s)
 13695 | Lair:5   | XOM: enchant monster (bad)
 13702 | Lair:5   | XOM: polymorph wolf -> kobold
 13728 | Lair:5   | XOM: fake destruction
 13730 | Lair:5   | XOM: divination: detect creatures
 13731 | Lair:5   | XOM: polymorph yak -> shapeshifter
 13732 | Lair:5   | Reached skill level 10 in Shields
 13746 | Lair:5   | Reached XP level 15. HP: 87/105 MP: 0/0
 13746 | Lair:5   | Learned a level 6 spell: Eringya's Noxious Bog
 13750 | Lair:5   | Reached skill level 10 in Armour
 14249 | Lair:5   | Noticed osinmv's ghost (journeyman TrMo)
 14402 | Orc:1    | XOM: noise
 14402 | Orc:1    | Entered Level 1 of the Orcish Mines
 14408 | Orc:1    | XOM: divination: detect items
 14718 | Orc:2    | Entered Level 2 of the Orcish Mines
 14718 | Orc:2    | Found Egooscho's Armour Boutique.
 14724 | Orc:2    | XOM: potion effect (invisibility)
 14737 | Orc:2    | XOM: god gift: wand of roots (4)
 14772 | Orc:2    | Found Ygoale's Book Shop.
 14982 | Orc:2    | XOM: enchant monster (good)
 14994 | Orc:2    | XOM: silly message
 15017 | Orc:2    | XOM: silly message
 15090 | Orc:2    | Found Cusikal's Distillery.
 15090 | Orc:2    | Found Couj's Antique Armour Emporium.
 15100 | Orc:2    | Found Zesk's Antique Weapon Shoppe.
 15100 | Orc:2    | Found Xirro's Armour Shoppe.
 15126 | Orc:2    | Bought a potion of heal wounds for 75 gold pieces
 15126 | Orc:2    | Bought 2 potions of mutation for 240 gold pieces
 15126 | Orc:2    | Bought a potion of resistance for 150 gold pieces
 15127 | Orc:2    | Bought a pair of embroidered gloves for 172 gold pieces
 15168 | Orc:2    | XOM: 2-stop teleportation journey
 15182 | Orc:2    | XOM: god gift: broad axe {god gift}
 15187 | Orc:2    | Found Maza's Distillery.
 15196 | Orc:2    | Bought a potion of curing for 30 gold pieces
 15196 | Orc:2    | Bought a potion of curing for 30 gold pieces
 15196 | Orc:2    | Bought a potion of resistance for 100 gold pieces
 15261 | Orc:2    | Found Qikhenn's Antique Armour Shop.
 15275 | Orc:2    | Bought a steaming leather armour for 245 gold pieces
 15275 | Orc:2    | Identified the +1 leather armour of Xom's Wrath {rC++
                  | Int-5} (You bought it in a shop on level 2 of the Orcish
                  | Mines)
 15290 | Orc:2    | Bought a dazzling chain mail for 332 gold pieces
 15290 | Orc:2    | Identified the +7 chain mail of Tyroufuf {Rampage rElec
                  | MP+9 Int-4} (You bought it in a shop on level 2 of the
                  | Orcish Mines)
 15465 | Orc:2    | Found a staircase to the Elven Halls.
 15482 | Orc:2    | Noticed Donald
 15491 | Orc:2    | XOM: butterfly on damage
 15596 | Orc:2    | Killed Donald
 15978 | D:12     | XOM: 9-stop teleportation journey
 15980 | D:12     | Found Maat's Assorted Antiques.
 16135 | D:12     | Found a frozen archway.
 16143 | IceCv    | Entered an ice cave
 16169 | IceCv    | XOM: polymorph slime creature -> wind drake
 16221 | IceCv    | XOM: confuse monster(s)
 16256 | IceCv    | XOM: confuse monster(s)
 16284 | IceCv    | Noticed a quicksilver ooze
 16285 | IceCv    | Found a viscous altar of Jiyva.
 16285 | IceCv    | Noticed an azure jelly
 16289 | IceCv    | Killed a quicksilver ooze
 16296 | IceCv    | Killed an azure jelly
 16316 | IceCv    | Got the ring "Keshry" {rC+ rN+}
 16320 | IceCv    | Identified the +0 robe of the Okapi {rN+ Str-2 Slay+3
                  | Archmagi}
 16413 | IceCv    | XOM: fog
 16428 | IceCv    | XOM: enchant monster (good)
 16449 | IceCv    | Identified the +4 pair of boots of Insurance {rF+ rC+}
 16719 | D:12     | XOM: give mutations
 16719 | D:12     | Gained mutation: You have a pair of horns on your head.
                  | [Xom's grace]
 16719 | D:12     | Gained mutation: You are partially covered in large bone
                  | plates. (SH +4) [Xom's grace]
 16719 | D:12     | Gained mutation: Your mind is acute. (Int +4, Str/Dex -1)
                  | [Xom's grace]
 16719 | D:12     | Gained mutation: You possess an exceptional clarity of
                  | mind. [Xom's grace]
 16735 | D:12     | XOM: summons 9 friendly demons
 16769 | D:12     | Identified the ring of Vuurchoxt {Fly rPois rF+}
 17111 | D:13     | XOM: cleaving
 17113 | D:13     | XOM: polymorph deep elf pyromancer -> basilisk
 17156 | D:13     | Identified the ring "Giphaguc" {*Corrode EV+5 Int-4 Dex+6
                  | SInv}
 17182 | D:13     | XOM: 2-stop teleportation journey
 17215 | D:13     | XOM: chaos upgrade
 17219 | D:13     | Reached skill level 10 in Fighting
 17319 | D:13     | Reached XP level 16. HP: 109/113 MP: 0/0
 17531 | D:13     | XOM: 4-stop teleportation journey
 17564 | D:13     | XOM: give mutations
 17564 | D:13     | Lost mutation: You are partially covered in large bone
                  | plates. (SH +4) [Xom's mischief]
 17564 | D:13     | Lost mutation: You have supernaturally acute eyesight.
                  | (SInv) [Xom's mischief]
 17630 | D:13     | XOM: torment (64/113 hp)
 17755 | D:13     | XOM: enchant monster (bad)
 17779 | D:13     | XOM: silly message
 17855 | D:14     | Found Aliegohi's Distillery.
 17858 | D:14     | Bought 2 potions of heal wounds for 160 gold pieces
 17858 | D:14     | Bought 2 potions of heal wounds for 160 gold pieces
 17858 | D:14     | Bought a potion of heal wounds for 80 gold pieces
 17858 | D:14     | Bought a potion of heal wounds for 80 gold pieces
 17858 | D:14     | Bought 2 potions of degeneration for 32 gold pieces
 17858 | D:14     | Bought a potion of magic for 128 gold pieces
 18078 | D:14     | XOM: give mutation
 18078 | D:14     | Lost mutation: You are agile. (Dex +4, Str/Int -1) [Xom's
                  | mischief]
 18230 | D:14     | XOM: butterfly on damage
 18332 | D:14     | XOM: summons friendly quasit
 18336 | D:14     | XOM: cast spell 'Animate Armour'
 18405 | D:14     | Found a gate to the Vaults.
 18481 | D:14     | XOM: god gift: 52 gold pieces
 18635 | D:14     | XOM: cloud trail
 18656 | D:15     | Entered Level 15 of the Dungeon
 18745 | D:15     | Found a white marble altar of Elyvilon.
 18861 | D:15     | XOM: potion effect (attraction)
 18880 | D:15     | XOM: confuse monster(s)
 18882 | D:15     | XOM: cleaving
 18889 | D:15     | XOM: 2-stop teleportation journey
 18907 | D:15     | Identified the amulet "Noimud Give" {Reflect MP+9 SH+5}
 18946 | D:15     | Identified the ring of the Changing Coward {Fly Dex+4 SInv}
 19046 | D:15     | XOM: confuse monster(s)
 19048 | D:15     | Noticed a sphinx
 19057 | D:15     | Killed a sphinx
 19066 | D:15     | XOM: noise
 19073 | D:15     | XOM: destruction
 19115 | D:15     | Noticed a fire giant
 19140 | D:15     | Killed a fire giant
 19188 | D:15     | XOM: god gift: throwing net
 19212 | D:15     | Identified the ring "Zeavy" {rElec rC+ Str+2 Dex-3}
 19247 | D:15     | XOM: summons 16 friendly demons
 19277 | D:15     | Acquired the +1 pair of gloves of the Cooper {^Drain rElec
                  | rF+ Dex+3}
 19315 | D:15     | XOM: cast spell 'Summon Mana Viper'
 19335 | D:15     | XOM: divination: detect creatures
 19392 | D:15     | XOM: cast spell 'Monstrous Menagerie'
 19467 | D:15     | Found a staircase to the Depths.
 19607 | D:15     | XOM: destruction
 19850 | D:15     | XOM: give mutations
 19850 | D:15     | Gained mutation: Your skin changes colour to match your
                  | surroundings (Stealth+). [Xom's grace]
 19850 | D:15     | Gained mutation: You are agile. (Dex +4, Str/Int -1) [Xom's
                  | grace]
 19850 | D:15     | Gained mutation: You are very agile. (Dex +8, Str/Int -2)
                  | [Xom's grace]
 20106 | Spider:1 | Entered Level 1 of the Spider Nest
 20171 | Spider:1 | XOM: potion effect (haste)
 20202 | Spider:1 | XOM: 8-stop teleportation journey
 20223 | Spider:1 | Reached XP level 17. HP: 114/120 MP: 0/0
 20223 | Spider:1 | Learned a level 7 spell: Summon Hydra
 20281 | Spider:1 | XOM: give mutations
 20281 | Spider:1 | Gained mutation: You are highly strong-willed. (Will++)
                  | [Xom's grace]
 20281 | Spider:1 | Gained mutation: You have sharp fingernails. [Xom's grace]
 20281 | Spider:1 | Gained mutation: Your spells are a little harder to cast,
                  | but a little more powerful. [Xom's grace]
 20335 | Spider:1 | You are sucked into a shaft and drop 1 floor!
 20351 | Spider:2 | XOM: potion effect (might)
 20358 | Spider:2 | XOM: enchant monster (bad)
 20577 | Spider:1 | XOM: silly message
 20630 | Spider:1 | XOM: confuse monster(s)
 21149 | Spider:2 | Noticed Frances
 21156 | Spider:2 | XOM: butterfly on damage
 21157 | Spider:2 | Killed Frances
 21324 | Spider:2 | XOM: noise
 21352 | Spider:2 | XOM: divination: detect items
 21481 | Spider:2 | XOM: blink monster(s)
 21488 | Spider:2 | XOM: blink monster(s)
 21498 | Spider:2 | XOM: summons 3 hostile demons
 21506 | Spider:2 | XOM: silly message
 21525 | Spider:2 | XOM: polymorph redback -> ghost moth
 21859 | Spider:2 | XOM: give mutation
 21859 | Spider:2 | Lost mutation: You are very agile. (Dex +8, Str/Int -2)
                  | [Xom's mischief]
 22007 | Spider:1 | XOM: polymorph demonic crawler -> green death
 22084 | Spider:2 | XOM: summons 9 hostile demons
 22091 | Spider:2 | XOM: summons 5 hostile demons
 22095 | Spider:2 | XOM: potion effect (invisibility)
 22199 | Spider:2 | XOM: potion effect (brilliance)
 22264 | Spider:2 | XOM: cloud trail
 22392 | Spider:3 | XOM: cloud trail
 22926 | Spider:3 | XOM: summons friendly crimson imp
 22958 | Spider:3 | XOM: blink monster(s)
 23223 | Spider:3 | XOM: confuse monster(s)
 23529 | Spider:4 | Entered Level 4 of the Spider Nest
 23544 | Spider:3 | XOM: potion effect (brilliance)
 23545 | Spider:3 | XOM: cast spell 'Fugue of the Fallen'
 23556 | Spider:4 | Reached XP level 18. HP: 130/130 MP: 0/0
 23691 | Spider:3 | XOM: repel stairs
 23725 | Spider:4 | XOM: fake destruction
 23727 | Spider:4 | XOM: smoke on damage
 24036 | Spider:3 | XOM: god gift: robe {god gift}
 24040 | Spider:3 | XOM: summons 15 friendly demons
 24095 | Spider:4 | XOM: divine lightning
 24196 | Spider:4 | XOM: 2-stop teleportation journey
 24201 | Spider:4 | XOM: god gift: 2 silver javelins
 24321 | Spider:4 | XOM: summons 3 friendly demons
 24417 | Spider:3 | XOM: summons friendly orange demon
 24520 | Spider:4 | Got a gossamer rune of Zot
 24548 | Spider:4 | Identified the +0 pair of gloves of Starshine {rC+}
 24755 | Spider:4 | XOM: fog
 24790 | Spider:3 | Reached skill level 15 in Long Blades
 25010 | Shoals:1 | Entered Level 1 of the Shoals
 25084 | Shoals:1 | Found Ewiozaj's General Store.
 25116 | Shoals:1 | Bought 2 potions of resistance for 260 gold pieces
 25167 | Shoals:1 | Noticed a kraken
 25179 | Shoals:1 | XOM: divination: magic mapping
 25539 | Shoals:1 | Killed a kraken
 25880 | Shoals:2 | XOM: cast spell 'Disjunction'
 25898 | Shoals:2 | XOM: fog
 25936 | Shoals:2 | XOM: polymorph manticore -> blink frog
 25991 | Shoals:2 | XOM: fog
 25994 | Shoals:2 | XOM: divination: magic mapping
 26001 | Shoals:2 | XOM: polymorph merfolk avatar -> sun moth
 26085 | Shoals:2 | Found Kodimp's Antique Weapon Shoppe.
 26206 | Shoals:2 | Reached skill level 10 in Spellcasting
 26206 | Shoals:2 | Reached skill level 10 in Conjurations
 26206 | Shoals:2 | Reached skill level 10 in Hexes
 26206 | Shoals:2 | Reached skill level 10 in Summonings
 26206 | Shoals:2 | Reached skill level 10 in Necromancy
 26206 | Shoals:2 | Reached skill level 10 in Translocations
 26206 | Shoals:2 | Reached skill level 10 in Fire Magic
 26206 | Shoals:2 | Reached skill level 10 in Ice Magic
 26206 | Shoals:2 | Reached skill level 10 in Air Magic
 26206 | Shoals:2 | Reached skill level 10 in Earth Magic
 26206 | Shoals:2 | Reached skill level 10 in Alchemy
 26209 | Shoals:2 | XOM: give mutation
 26209 | Shoals:2 | Gained mutation: You are robust. (+10% HP) [Xom's grace]
 26235 | Shoals:2 | XOM: scenery: summon butterflies
 26496 | Shoals:2 | XOM: give mutations
 26496 | Shoals:2 | Gained mutation: You are extremely strong-willed. (Will+++)
                  | [Xom's grace]
 26496 | Shoals:2 | Gained mutation: Your muscles are strong. (Str +4, Int/Dex
                  | -1) [Xom's grace]
 26628 | Shoals:3 | Reached XP level 19. HP: 151/151 MP: 0/0
 26628 | Shoals:3 | Learned a level 6 spell: Death Channel
 26694 | Shoals:3 | XOM: polymorph merfolk javelineer -> elephant
 26697 | Shoals:3 | Noticed Polyphemus
 26712 | Shoals:3 | XOM: confuse monster(s)
 26722 | Shoals:3 | Killed Polyphemus
 26775 | Shoals:3 | Found a runed translucent gate.
 26786 | Shoals:3 | Found a runed translucent gate.
 26787 | Shoals:3 | Found a runed translucent gate.
 26788 | Shoals:3 | Noticed Kehicw's ghost (adept HOBr)
 26792 | Shoals:3 | XOM: 8-stop teleportation journey
 26823 | Shoals:3 | XOM: smoke on damage
 26833 | Shoals:3 | XOM: fog
 26840 | Shoals:3 | XOM: summons 16 friendly demons
 26922 | Shoals:3 | XOM: smoke on damage
 27126 | Shoals:3 | XOM: enchant monster (bad)
 27219 | Shoals:3 | Identified the +5 short sword of Tumult {spect, rElec rPois
                  | rC- Str+8}
 27225 | Shoals:3 | XOM: noise
 27237 | Shoals:3 | XOM: blink monster(s)
 27270 | Shoals:3 | XOM: chaos cloud
 27362 | Shoals:3 | Identified the -1 cloak "Dycoysm" {Fly Will+ Int-5 Dex+4}
 27639 | Shoals:4 | Entered Level 4 of the Shoals
 27678 | Shoals:4 | Noticed Mlioglotl
 27750 | Shoals:4 | Killed Mlioglotl
 27821 | Shoals:4 | XOM: enchant monster (bad)
 27838 | Shoals:4 | Reached skill level 15 in Armour
 27868 | Shoals:4 | XOM: blink monster(s)
 27872 | Shoals:4 | XOM: summons 2 friendly demons
 27874 | Shoals:4 | XOM: destruction
 27876 | Shoals:4 | XOM: confuse monster(s)
 27894 | Shoals:4 | XOM: silly message
 27920 | Shoals:4 | XOM: polymorph satyr -> tyrant leech
 28018 | Shoals:4 | XOM: 3-stop teleportation journey
 28032 | Shoals:4 | XOM: enchant monster (bad)
 28034 | Shoals:4 | XOM: cleaving
 28046 | Shoals:4 | XOM: chaos upgrade
 28053 | Shoals:4 | XOM: 1-stop teleportation journey
 28100 | Shoals:4 | XOM: give mutations
 28100 | Shoals:4 | Lost mutation: Your skin changes colour to match your
                  | surroundings (Stealth+). [Xom's mischief]
 28100 | Shoals:4 | Lost mutation: You are agile. (Dex +4, Str/Int -1) [Xom's
                  | mischief]
 28174 | Shoals:4 | Identified the ring of Ysuh {rC+ rN+ MP+9 Str+3 Int+3}
 28356 | Shoals:4 | Got a barnacled rune of Zot
 28430 | Shoals:4 | Reached XP level 20. HP: 159/162 MP: 0/0
 28695 | D:12     | XOM: give mutations
 28695 | D:12     | Lost mutation: Your movements are slightly less encumbered
                  | by armour. (ER -2) [Xom's mischief]
 28695 | D:12     | Lost mutation: Your muscles are strong. (Str +4, Int/Dex
                  | -1) [Xom's mischief]
 28695 | D:12     | Lost mutation: You are extremely strong-willed. (Will+++)
                  | [Xom's mischief]
 28705 | D:12     | XOM: summons 2 hostile demons
 28754 | Vaults:1 | Entered Level 1 of the Vaults
 28794 | Vaults:1 | Found Gustreyph's Armour Shoppe.
 28901 | Vaults:1 | XOM: blink monster(s)
 28958 | Vaults:1 | XOM: swap monsters
 29076 | Vaults:1 | XOM: give mutation
 29076 | Vaults:1 | Lost mutation: Your flesh is almost immune to the effects
                  | of heat. (rF+++) [Xom's mischief]
 29078 | Vaults:1 | XOM: silly message
 29080 | Vaults:1 | XOM: swap monsters
 29082 | Vaults:1 | XOM: polymorph sphinx -> fire giant
 29201 | Vaults:1 | XOM: 1-stop teleportation journey
 29268 | Vaults:1 | XOM: polymorph ironbound frostheart -> mana viper
 29311 | Vaults:1 | XOM: potion effect (berserk rage)
 29350 | Vaults:1 | XOM: give mutation
 29350 | Vaults:1 | Gained mutation: Your muscles are strong. (Str +4, Int/Dex
                  | -1) [Xom's grace]
 29405 | Vaults:1 | XOM: cleaving
 29466 | Vaults:1 | XOM: cleaving
 29621 | Vaults:1 | XOM: confuse monster(s)
 29624 | Vaults:1 | XOM: cleaving
 29628 | Vaults:1 | XOM: scenery: 1 doors close
 29634 | Vaults:1 | XOM: scenery: 1 doors close
 29967 | Vaults:1 | XOM: chaos cloud
 29981 | Vaults:1 | XOM: potion effect (haste)
 29989 | Vaults:1 | Reached skill level 15 in Fighting
 30240 | Vaults:2 | Found a flickering gateway to a bazaar.
 30254 | Bazaar   | Entered a bazaar
 30255 | Bazaar   | Found Fievu Tim's Armour Emporium.
 30265 | Bazaar   | Found Hurah's Magic Scroll Boutique.
 30267 | Bazaar   | Found Ryninof's Assorted Antiques.
 30278 | Bazaar   | Bought a potion of heal wounds for 135 gold pieces
 30279 | Bazaar   | Found Dingifad's Book Boutique.
 30287 | Bazaar   | Found Sunuxo's Antique Weapon Boutique.
 30324 | Bazaar   | Bought 3 scrolls of fear for 180 gold pieces
 30324 | Bazaar   | Bought a scroll of poison for 60 gold pieces
 30324 | Bazaar   | Bought a scroll of poison for 60 gold pieces
 30324 | Bazaar   | Bought a scroll of enchant weapon for 112 gold pieces
 30392 | Vaults:2 | XOM: potion effect (berserk rage)
 30463 | Vaults:2 | XOM: potion effect (might)
 30504 | Vaults:2 | Noticed Saint Roka
 30508 | Vaults:2 | XOM: silly message
 30523 | Vaults:2 | XOM: silly message
 30598 | Vaults:2 | Killed Saint Roka
 30649 | Vaults:2 | XOM: potion effect (invisibility)
 30658 | Vaults:2 | XOM: silly message
 30674 | Vaults:2 | XOM: silly message
 30884 | Vaults:2 | Noticed Mara
 30889 | Vaults:2 | Noticed Xavori's illusion
 30927 | Vaults:2 | XOM: enchant monster (bad)
 30942 | Vaults:2 | XOM: 3-stop teleportation journey
 30977 | Vaults:2 | Reached XP level 21. HP: 132/170 MP: 0/0
 30977 | Vaults:2 | Learned a level 8 spell: Disjunction
 31037 | Vaults:2 | Found a staircase to the Crypt.
 31042 | Vaults:2 | XOM: enchant monster (bad)
 31204 | Vaults:2 | XOM: summons friendly crimson imp
 31373 | Vaults:2 | Noticed Xavori's illusion
 31374 | Vaults:2 | Mara changed into Mara the lorocyproca
 31374 | Vaults:2 | Noticed Mara
 31374 | Vaults:2 | XOM: polymorph Mara -> Mara the lorocyproca
 31375 | Vaults:2 | XOM: enchant monster (bad)
 31388 | Vaults:2 | Killed Mara
 31507 | Vaults:2 | XOM: potion effect (curing)
 31511 | Vaults:2 | XOM: summons 6 friendly demons
 31517 | Vaults:2 | XOM: polymorph quasit -> ynoxinul
 31612 | Vaults:2 | XOM: god gift: 837 gold pieces
 31675 | Vaults:2 | XOM: 4-stop teleportation journey
 31965 | Vaults:3 | XOM: polymorph orc knight -> tengu
 31967 | Vaults:3 | XOM: scenery: create altars
 31970 | Vaults:3 | XOM: summons friendly quasit
 31984 | Vaults:3 | XOM: chaos cloud
 31994 | Vaults:3 | XOM: smoke on damage
 32010 | Vaults:3 | XOM: confuse monster(s)
 32019 | Vaults:3 | Reached skill level 15 in Shields
 32022 | Vaults:3 | XOM: noise
 32183 | Vaults:3 | XOM: swap monsters
 32213 | Vaults:3 | XOM: swap monsters
 32335 | Vaults:3 | XOM: cleaving
 32342 | Vaults:3 | XOM: 2-stop teleportation journey
 32619 | Vaults:3 | XOM: swap monsters
 32639 | Vaults:3 | XOM: cleaving
 32768 | Vaults:3 | XOM: 2-stop teleportation journey
 32795 | Vaults:3 | XOM: 2-stop teleportation journey
 33101 | Vaults:3 | XOM: summons 3 hostile shadow creatures
 33439 | Vaults:3 | XOM: summons 11 hostile demons
 33569 | Vaults:2 | XOM: summons 1 hostile demon
 33759 | Orc:2    | Bought the +0 pearl dragon scales of the Mangosteen
                  | {Rampage rC+ rN+ SInv} for 1575 gold pieces
 33977 | Crypt:1  | Entered Level 1 of the Crypt
 34016 | Crypt:1  | XOM: stat loss: -1 Int (24/25)
 34153 | Vaults:1 | XOM: give mutations
 34153 | Vaults:1 | Lost mutation: Your natural rate of healing is unusually
                  | fast. [Xom's mischief]
 34153 | Vaults:1 | Lost mutation: Your mind is acute. (Int +4, Str/Dex -1)
                  | [Xom's mischief]
 34153 | Vaults:1 | Lost mutation: You are completely covered in iridescent
                  | scales. (AC +6) [Xom's mischief]
 34153 | Vaults:1 | Lost mutation: You are robust. (+10% HP) [Xom's mischief]
 34338 | Elf:1    | Entered Level 1 of the Elven Halls
 34373 | Elf:1    | XOM: swap monsters
 34376 | Elf:1    | Reached XP level 22. HP: 161/163 MP: 0/0
 34377 | Elf:1    | Noticed Asterion
 34386 | Elf:1    | XOM: summons friendly shadow imp
 34396 | Elf:1    | Killed Asterion
 34406 | Elf:1    | Found Koafeosa's Armour Emporium.
 34429 | Elf:1    | Found Geunexes's Book Shoppe.
 34532 | Elf:1    | XOM: smoke on damage
 34598 | Elf:1    | XOM: polymorph deep elf archer -> ice dragon
 34601 | Elf:1    | XOM: noise
 34613 | Elf:1    | XOM: cast spell 'Monstrous Menagerie'
 34961 | Elf:2    | Noticed Roxanne
 35010 | Elf:2    | XOM: summons friendly hellwing
 35049 | Elf:2    | Noticed Norris
 35073 | Elf:2    | Killed Norris
 35189 | Elf:2    | XOM: 8-stop teleportation journey
 35237 | Elf:2    | XOM: scenery: create altars
 35310 | Elf:2    | XOM: cast spell 'Summon Ice Beast'
 35322 | Elf:2    | XOM: polymorph ice beast -> broodmother
 35331 | Elf:2    | Found a runed translucent gate.
 35335 | Elf:2    | Found a runed translucent gate.
 35335 | Elf:2    | Found a runed translucent gate.
 35443 | Elf:2    | XOM: divination: detect items
 35468 | Elf:2    | XOM: scenery: create altars
 35566 | Elf:2    | XOM: silly message
 35627 | Elf:2    | XOM: give mutation
 35627 | Elf:2    | Gained mutation: You occasionally lose the ability to drink
                  | potions when taking damage. [Xom's mischief]
 35647 | Elf:2    | XOM: summons 11 hostile demons
 35674 | Elf:2    | XOM: summons 9 hostile demons
 35707 | Elf:2    | XOM: swap monsters
 35817 | Elf:2    | XOM: silly message
 35824 | Elf:2    | XOM: divine lightning
 35834 | Elf:2    | XOM: noise
 35931 | Elf:2    | XOM: give mutations
 35931 | Elf:2    | Lost mutation: You possess an exceptional clarity of mind.
                  | [Xom's mischief]
 35931 | Elf:2    | Lost mutation: Your muscles are strong. (Str +4, Int/Dex
                  | -1) [Xom's mischief]
 35931 | Elf:2    | Gained mutation: You are frail. (-10% HP) [Xom's mischief]
 36110 | Elf:2    | Killed Roxanne
 36130 | Elf:3    | Entered Level 3 of the Elven Halls
 36308 | Elf:3    | XOM: noise
 36476 | Elf:3    | Identified the +2 pair of boots of Wariness {rN+++ rCorr
                  | Dex-5}
 36553 | Elf:3    | XOM: summons 3 friendly demons
 36577 | Elf:3    | XOM: confusion (+ monsters)
 36590 | Elf:3    | Identified the ring "Opibeil" {rF+ AC+4}
 36692 | Elf:3    | XOM: butterfly on damage
 36697 | Elf:3    | XOM: silly message
 36919 | Elf:3    | Reached XP level 23. HP: 148/153 MP: 0/0
 36919 | Elf:3    | Learned a level 7 spell: Haunt
 36970 | Elf:3    | XOM: silly message
 37169 | Elf:3    | Identified the ring "Qassein" {rF+ Int+2 Dex+6 SInv}
 37253 | Elf:3    | XOM: cloud trail
 37591 | Elf:3    | Identified the scarf of Twilight {+Inv, rPois rF+}
 37598 | Elf:3    | Identified the +5 shortbow "Ellairr" {heavy, rN+++ Str-5
                  | Int+3}
 37651 | Elf:3    | Identified the +1 leather armour of a Labyrinth {rN+ MP+9}
 38004 | D:12     | XOM: cloud trail
 38271 | Crypt:1  | XOM: divination: detect items
 38272 | Crypt:1  | XOM: smoke on damage
 38275 | Crypt:1  | XOM: cast spell 'Alistair's Intoxication'
 38288 | Crypt:1  | XOM: divination: detect items
 38423 | Crypt:1  | XOM: give mutations
 38423 | Crypt:1  | Lost mutation: You are frail. (-10% HP) [Xom's mischief]
 38423 | Crypt:1  | Gained mutation: Armour fits poorly on your strangely
                  | shaped body. [Xom's mischief]
 38423 | Crypt:1  | Lost mutation: You are mostly covered in iridescent scales.
                  | (AC +4) [Xom's mischief]
 38423 | Crypt:1  | Lost mutation: Your spells are a little harder to cast, but
                  | a little more powerful. [Xom's mischief]
 38447 | Crypt:1  | Reached skill level 1 in Shapeshifting
 38447 | Crypt:1  | XOM: summons 3 friendly demons
 38480 | Crypt:1  | XOM: summons friendly crimson imp
 38485 | Crypt:1  | XOM: confuse monster(s)
 38499 | Crypt:1  | XOM: smoke on damage
 38504 | Crypt:1  | XOM: chaos cloud
 38626 | Crypt:1  | XOM: summons 6 hostile demons
 38821 | Crypt:1  | Lost mutation: Armour fits poorly on your strangely shaped
                  | body. [potion of mutation]
 38821 | Crypt:1  | Lost mutation: You are partially covered in iridescent
                  | scales. (AC +2) [potion of mutation]
 38821 | Crypt:1  | Lost mutation: You are highly strong-willed. (Will++)
                  | [potion of mutation]
 38821 | Crypt:1  | Gained mutation: Your movements are slightly less
                  | encumbered by armour. (ER -2) [potion of mutation]
 38821 | Crypt:1  | Gained mutation: You have a pair of large horns on your
                  | head. [potion of mutation]
 38871 | Crypt:2  | XOM: 3-stop teleportation journey
 38922 | Crypt:2  | Noticed Hynnuzim's ghost (veteran CeHu)
 38930 | Crypt:2  | Found a runed translucent gate.
 38930 | Crypt:2  | Found a runed translucent gate.
 38931 | Crypt:2  | Found a runed translucent gate.
 39239 | Crypt:2  | Noticed Zenata
 39252 | Crypt:2  | XOM: summons friendly shadow imp
 39253 | Crypt:2  | Killed Zenata
 39378 | Crypt:2  | XOM: summons 4 friendly demons
 40138 | Crypt:2  | XOM: cast spell 'Summon Cactus Giant'
 40175 | Crypt:2  | XOM: potion effect (brilliance)
 40233 | Crypt:2  | Identified the ring "Duryagav" {rPois AC+4 Int+4 Dex+3}
 40256 | Crypt:2  | XOM: enchant monster (good)
 40257 | Crypt:3  | Entered Level 3 of the Crypt
 40259 | Crypt:3  | XOM: divination: magic mapping
 40261 | Crypt:3  | Noticed Sojobo
 40262 | Crypt:3  | XOM: confuse monster(s)
 40304 | Crypt:2  | XOM: summons friendly quasit
 40467 | Crypt:3  | XOM: smoke on damage
 40523 | Crypt:3  | Killed Sojobo
 40735 | Crypt:3  | XOM: divination: magic mapping
 40809 | Crypt:3  | XOM: confuse monster(s)
 40884 | Crypt:3  | XOM: confuse monster(s)
 40958 | Crypt:3  | XOM: summons 6 friendly demons
 41081 | Crypt:3  | Identified the +7 sling "Osugg" {flame, rPois Str+3}
 41086 | Crypt:3  | Reached XP level 24. HP: 176/177 MP: 0/0
 41106 | Crypt:3  | XOM: give mutations
 41106 | Crypt:3  | Gained mutation: You occasionally lose the ability to read
                  | scrolls when taking damage. [Xom's mischief]
 41106 | Crypt:3  | Gained mutation: Potions are less effective at restoring
                  | your health. [Xom's mischief]
 41106 | Crypt:3  | Lost mutation: Your movements are slightly less encumbered
                  | by armour. (ER -2) [Xom's mischief]
 41164 | Crypt:3  | XOM: swap monsters
 41192 | Crypt:3  | XOM: enchant monster (bad)
 41326 | Crypt:3  | Found a staircase to the Tomb.
 41326 | Crypt:3  | Noticed an ancient lich
 41334 | Crypt:3  | Killed an ancient lich
 41469 | Crypt:3  | XOM: stat loss: -1 Dex (28/29)
 41472 | Crypt:3  | XOM: summons 3 hostile shadow creatures
 41648 | Crypt:3  | XOM: enchant monster (good)
 41778 | Crypt:2  | XOM: confusion (+ monsters)
 41784 | Crypt:2  | XOM: swap monsters
 41816 | Crypt:2  | Killed Hynnuzim's ghost
 42065 | Vaults:4 | Found a flickering gateway to a bazaar.
 42071 | Bazaar   | Entered a bazaar
 42085 | Bazaar   | Found Abaam's Armour Shoppe.
 42101 | Bazaar   | Found Minter's Jewellery Emporium.
 42101 | Bazaar   | Found Hiseh's General Store.
 42135 | Bazaar   | Found Ighyx's Assorted Antiques.
 42135 | Bazaar   | Found Vimpatal's General Store.
 42405 | Vaults:4 | XOM: confuse monster(s)
 42442 | Vaults:4 | XOM: confuse monster(s)
 42450 | Vaults:4 | XOM: potion effect (heal wounds)
 42681 | Vaults:4 | XOM: potion effect (might)
 42701 | Vaults:4 | Found Merut Rynt's Armour Shoppe.
 42701 | Vaults:4 | XOM: potion effect (attraction)
 42703 | Vaults:4 | XOM: silly message
 42933 | Vaults:4 | XOM: 7-stop teleportation journey
 43011 | Vaults:4 | XOM: summons 8 hostile demons
 43080 | Vaults:4 | XOM: polymorph ironbound frostheart -> ironbound frostheart
 43524 | Vaults:5 | Entered Level 5 of the Vaults
 43834 | Vaults:5 | XOM: give mutation
 43834 | Vaults:5 | Gained mutation: You are very vulnerable to cold. (rC--)
                  | [Xom's mischief]
 43837 | Vaults:5 | Identified the +6 scale mail of Dishonesty {Int+5}
 43844 | Vaults:5 | Identified the +2 helmet of the Bells {+Inv rC++}
 43846 | Vaults:5 | Identified the +3 spear of Quick Death {venom, rElec Dex+3}
 43849 | Vaults:5 | Identified the +7 trident "Zuleamp" {vamp, +Blink Dex+3}
 43938 | Vaults:5 | Reached XP level 25. HP: 80/182 MP: 0/0
 43938 | Vaults:5 | Learned a level 9 spell: Dragon's Call
 44250 | Vaults:5 | XOM: blink monster(s)
 44429 | Vaults:5 | a quicksilver dragon changed into a caustic shrike
 44429 | Vaults:5 | Noticed a caustic shrike
 44429 | Vaults:5 | XOM: polymorph quicksilver dragon -> caustic shrike
 44435 | Vaults:5 | Killed a caustic shrike
 44492 | Vaults:5 | XOM: 1-stop teleportation journey
 44526 | Vaults:5 | XOM: give mutation
 44526 | Vaults:5 | Gained mutation: Your body sometimes deteriorates upon
                  | taking damage. [Xom's mischief]
 44529 | Vaults:5 | Hit by a large rock thrown by a stone giant

Illustrated notes

Levels and vault maps discovered:
D:1:      onia_arrival_pyramid, layout_loops_ring, serial_shops, shop
D:2:      layout_basic, basic_altar, ebering_ecumenical_altar_rust, uniq_robin
D:3:      layout_loops_ring
D:4:      layout_loops_ring, kiku_gazebo_pond_becter,
          grunt_temple_overflow_diamond
D:5:      layout_cave_pods, mainiacjoe_overflow_large_starburst,
          uniq_blork_the_orc, uniq_grinder, uniq_menkaure
D:6:      layout_basic, yredelemnul_forgotten_temple_becter,
          mainiacjoe_overflow_tiny_flanked, grunt_temple_overflow_open,
          temple_statues
D:7:      layout_cave_pools, nicolae_ossuary_entry_giza
D:8:      layout_loops_cross
D:9:      layout_stronghold, dpeg_oklobed_lair, minmay_statue_bubble
D:10:     layout_basic, mainiacjoe_overflow_concentric_impassable
D:11:     layout_roguey, david_orc_5, uniq_lodul, uniq_nergalle
D:12:     layout_roguey, portal_ice_cave_entry_pillars_1, serial_shops, shop,
          minmay_mirror_moons_of_madness
D:13:     layout_basic
D:14:     layout_roguey [special_room_bee], hellmonk_vaults_attempted_burglary,
          gauntlet_entry_generic, serial_shops, nicolae_stop_n_shop_2,
          minmay_more_statues
D:15:     vault_1, layout_basic, minivault_4, elyvilon_altar_1
Lair:1:   layout_chaotic_city, grunt_megastairs_5, uniq_amaemon
Lair:2:   layout_cave_shapes, minmay_shoals_entry_lonely_mermaid,
          nicolae_spider_entry_orb_guardian, uniq_maggie
Lair:3:   layout_misc_corridors, basic_altar, serial_bayou_pond_e, minivault_25,
          grunt_megastairs_2
Lair:4:   dragon1_lemuel, layout_regular_city, nicolae_slime_entry_slimehenge
Lair:5:   evilmike_catoblepas_cave, layout_regular_city,
          ebering_ghost_reflecting_pool, st_stairs_6, nicolae_lair_lil_pond,
          pond
Shoals:1: layout_shoals, serial_shops, shop
Shoals:2: layout_shoals, serial_shops, nicolae_stop_n_shop_1
Shoals:3: layout_shoals, gammafunk_ghost_tricky_traps,
          nicolae_shoals_siren_and_animal_friends, uniq_polyphemus
Shoals:4: shoals_end_hellmonk_lost_city, uniq_mlioglotl
Spider:1: layout_cave_pods, hangedman_spider_mandibles,
          hangedman_spider_tarantella_strand
Spider:2: layout_cave_pods, nicolae_spider_bug_shape, uniq_frances
Spider:3: layout_chambers
Spider:4: hellmonk_spider_rune_bug_friends, nicolae_spider_shape
Orc:1:    layout_diamond_mine, special_room [special_room_orc]
Orc:2:    st_orc_mages, layout_caves, serial_shops, shop,
          nicolae_shop_statue_plus, nicolae_shop_pleasant_corner_grove,
          shop_statue, uniq_donald
Elf:1:    layout_rooms, minmay_elf_necromancy, minmay_shoptagon, uniq_asterion
Elf:2:    nicolae_elf_blades_splatter_lattice [nicolae_blade_lattice],
          layout_loops_cross, drop_trap, uniq_norris, uniq_roxanne
Elf:3:    minmay_elf_hall_spiked, layout_loops_cross
Vaults:1: v_misc_11, v_pattern_2, nicolae_vaults_windows_and_doors_thing,
          nicolae_vaults_cornered_office, nicolae_vaults_what_the_h,
          nicolae_vaults_house_3, v_rooms_4, ontoclasm_vaults_hangar,
          ontoclasm_vaults_ring_small, vaults_dpeg_encased_lava,
          ontoclasm_vaults_gateway, nicolae_vaults_rhombus_6,
          nicolae_vaults_tetromino_T_1, layout_vaults_omnigrid, serial_shops,
          nicolae_shop_tiny_statue_garden
Vaults:2: nicolae_vaults_spaceships, nicolae_vaults_bisected_inception,
          vaults_room_hallway, nicolae_vaults_storage_closets_1,
          vaults_room_large_hall, v_alt_pattern_6, nicolae_vaults_trapezoid_3,
          hangedman_vaults_capsules, nicolae_vaults_closet_pinwheel_4,
          nicolae_vaults_stepped_doors, nicolae_vaults_display_case,
          layout_vaults_omnicross, minmay_crypt_entry_simple_round,
          serial_shops, bzr_entry_customers, uniq_mara, uniq_saint_roka
Vaults:3: nicolae_vaults_network_quinsquares
          [nicolae_vaults_network_quincunx_subvault,
          nicolae_vaults_network_quincunx_subvault,
          nicolae_vaults_network_quincunx_subvault,
          nicolae_vaults_network_quincunx_subvault],
          nicolae_vaults_closet_pinwheel_1, nicolae_vaults_cornered_office,
          ontoclasm_vaults_ring_small, st_cells, vaults_mumra_hexcomb,
          nicolae_vaults_mini_display_case, grunt_vaults_funnel,
          layout_vaults_chaotic_city
Vaults:4: vaults_mumra_lcd, nicolae_vaults_storage_room_doors,
          nicolae_vaults_wine_cellar, v_misc_14, nicolae_vaults_quartermaster,
          nicolae_vaults_big_ls, nicolae_vaults_taking_the_gang_shopping,
          ontoclasm_vaults_pinch, nicolae_vaults_closet_pinwheel_1,
          vaults_room_semicircle, nicolae_vaults_diamond_2, layout_vaults_ring,
          serial_shops, bzr_entry_dummy
Vaults:5: serial_shops
Crypt:1:  layout_rooms, grunt_crypt_arrival_guarded_gate, lemuel_upstairs_altar
Crypt:2:  layout_basic, gammafunk_ghost_split, uniq_zenata
Crypt:3:  grunt_crypt_end_deaths_head, uniq_sojobo

Skill      XL: |  1  2  3  4  5  6  7  8  9 10 11 12 13 14 15 16 17 18 19 20 21 22 23 24 25 |
---------------+----------------------------------------------------------------------------+-----
Long Blades    | 3 4 5 6 8 9 10 11 12 13 14 15 16 17 18 | 18.0
Spellcasting   | 1 2 3 4 5 6 7 8 9 10 11 12 13 14 | 14.0
Conjurations   | 1 2 3 4 5 6 7 8 9 10 11 12 13 14 | 14.0
Hexes          | 1 2 3 4 5 6 7 8 9 10 11 12 13 14 | 14.0
Summonings     | 1 2 3 4 5 6 7 8 9 10 11 12 13 14 | 14.0
Necromancy     | 1 2 3 4 5 6 7 8 9 10 11 12 13 14 | 14.0
Translocations | 1 2 3 4 5 6 7 8 9 10 11 12 13 14 | 14.0
Fire Magic     | 1 2 3 4 5 6 7 8 9 10 11 12 13 14 | 14.0
Ice Magic      | 1 2 3 4 5 6 7 8 9 10 11 12 13 14 | 14.0
Air Magic      | 1 2 3 4 5 6 7 8 9 10 11 12 13 14 | 14.0
Earth Magic    | 1 2 3 4 5 6 7 8 9 10 11 12 13 14 | 14.0
Alchemy        | 1 2 3 4 5 6 7 8 9 10 11 12 13 14 | 14.0
Armour         | 2 4 5 6 7 8 9 11 12 13 14 15 16 17 18 | 18.9
Dodging        | 3 4 5 6 8 9 10 11 12 13 14 | 14.6
Fighting       | 4 5 6 7 8 9 10 12 13 14 15 16 17 18 | 18.0
Shields        | 1 2 4 6 8 10 11 12 13 14 15 16 17 | 17.6
Evocations     | 3 5 6 7 |  7.1
Shapeshifting  | 3 |  3.9

Action                     |  1- 3 |  4- 6 |  7- 9 | 10-12 | 13-15 | 16-18 | 19-21 | 22-24 | 25-27 || total
---------------------------+-------+-------+-------+-------+-------+-------+-------+-------+-------++-------
  Melee: Falchion          |    57 |   176 |   421 |    86 |       |       |       |       |       ||   740
         Punch             |       |     3 |     7 |     2 |       |       |       |       |       ||    12
         Long sword        |       |       |       |   516 |   180 |       |       |       |       ||   696
         Headbutt          |       |       |       |   149 |   278 |   381 |   500 |   510 |    41 ||  1859
         Scimitar          |       |       |       |       |   883 |  1320 |   981 |       |       ||  3184
         Demon blade       |       |       |       |       |       |       |   563 |   179 |       ||   742
         Double sword      |       |       |       |       |       |       |       |  1294 |    84 ||  1378
   Cast: Magic Dart        |       |     6 |     7 |       |     2 |     1 |       |       |       ||    16
         Tukima's Dance    |       |       |     6 |     2 |       |       |     1 |       |       ||     9
         Blink             |       |       |     1 |       |       |     2 |     2 |       |     1 ||     6
         Flame Wave        |       |       |       |       |     1 |       |       |       |       ||     1
         Eringya's Noxious |       |       |       |       |       |       |    11 |       |       ||    11
         Lee's Rapid Decon |       |       |       |       |       |       |       |     8 |       ||     8
         Fireball          |       |       |       |       |       |       |       |     1 |       ||     1
  Evoke: Wand              |       |       |     3 |       |    17 |     2 |       |       |       ||    22
         Lightning rod     |       |       |       |       |       |     1 |       |     1 |       ||     2
         Condenser vane    |       |       |       |       |       |       |     2 |       |       ||     2
         Phial of floods   |       |       |       |       |       |       |     1 |       |       ||     1
    Use: Scroll            |       |       |     7 |     8 |     8 |    10 |     4 |    19 |     2 ||    58
         Potion            |       |       |       |       |       |       |     2 |     8 |     3 ||    13
   Stab: Paralysed         |       |     6 |     1 |       |     7 |       |     1 |       |       ||    15
         Sleeping          |       |     1 |     4 |       |     1 |     5 |     1 |       |       ||    12
         Confused          |       |     1 |     3 |     2 |     5 |     2 |     9 |    10 |       ||    32
         Petrifying        |       |       |     3 |     1 |       |       |       |       |       ||     4
         Petrified         |       |       |     1 |       |     2 |       |     3 |       |       ||     6
         Distracted        |       |       |       |     2 |       |     1 |     2 |    34 |     3 ||    42
         Invisible         |       |       |       |     8 |       |     1 |    13 |       |       ||    22
 Armour: Leather armour    |    28 |   100 |   227 |    83 |       |       |       |       |       ||   438
         Acid dragon scale |       |       |       |   228 |   785 |   198 |   341 |       |       ||  1552
         Chain mail        |       |       |       |       |   134 |   805 |   752 |       |       ||  1691
         Pearl dragon scal |       |       |       |       |       |       |    12 |   430 |    34 ||   476
  Dodge: Dodged            |    28 |   106 |   328 |   377 |   983 |  1252 |   699 |   637 |    24 ||  4434
  Block: Other             |       |    36 |    85 |    20 |       |       |       |       |       ||   141
         Kite shield       |       |       |       |   517 |  1608 |  2369 |  1828 |  1238 |    80 ||  7640
         Reflection        |       |       |       |     6 |    18 |    39 |   121 |    77 |    17 ||   278
